 Dungeon Crawl Stone Soup version 0.30.1-9-gdf580d7c3d (webtiles) character file.

Game seed: 5200128060870520960

0 Hasleak the Caller (level 1, -1/10 HPs)
             Began as a Deep Elf Summoner on Sept 29, 2023.
             Slain by a hobgoblin (3 damage)
             ... on level 1 of the Dungeon.
             The game lasted 00:00:12 (40 turns).

Hasleak the Caller (Deep Elf Summoner)                Turns: 40, Time: 00:00:12

Health: -1/10      AC:  2    Str:  5    XL:     1   Next: 8%
Magic:  5/6        EV: 12    Int: 19    God:
Gold:   0          SH:  0    Dex: 15    Spells: 5/6 levels left

rFire   . . .        (no weapon)
rCold   . . .        (no shield)
rNeg    . . .        a - +0 robe
rPois   .            (no helmet)
rElec   .            (no cloak)
rCorr   .            (no gloves)
SInv    .            (no boots)
Will    .....        (no amulet)
Stlth   ++           (no ring)
HPRegen 0.21/turn    (no ring)
MPRegen 0.10/turn

%: no passive effects
@: no status effects
A: no striking features
a: no special abilities


You were on level 1 of the Dungeon.
You visited 1 branch of the dungeon, and saw 1 of its levels.

Inventory:

Armour
 a - a +0 robe (worn)
Potions
 b - a potion of magic


   Skills:
 + Level 2.4 Dodging
 - Level 2.4 Stealth
 * Level 3.0 Spellcasting
 + Level 4.4 Summonings


You had 5 spell levels left.
You knew the following spells:

 Your Spells              Type           Power      Damage    Failure   Level
a - Summon Small Mammal   Summ           76%        N/A       2%          1

Your spell library contained the following spells:

 Spells                   Type           Power      Damage    Failure   Level
 Call Imp                 Summ           38%        N/A       3%          2
 Call Canine Familiar     Summ           19%        N/A       8%          3
 Summon Guardian Golem    Hex/Summ       11%        N/A       19%         3
 Summon Lightning Spire   Summ/Air       11%        N/A       52%         4


Dungeon Overview and Level Annotations

Branches:
Dungeon (1/15)

Altars:


Message History

Your bat hits the bat but does no damage.
The bat completely misses your bat.
Your bat closely misses the bat.
The hobgoblin misses your bat.
Your bat misses the hobgoblin. The bat closely misses your bat.
Your bat hits the bat but does no damage.
The bat hits your bat but does no damage.
Your bat hits the bat.
Your bat barely misses the bat.
The bat closely misses your bat. The hobgoblin hits you.
Your bat hits the hobgoblin. The bat barely misses your bat.
Your bat barely misses the bat.
Your bat hits the bat. The hobgoblin hits you.
Your bat barely misses the bat.
Your bat closely misses the hobgoblin.
The bat closely misses your bat.
Your bat completely misses the bat.
Your bat barely misses the bat.
The bat completely misses your bat. The hobgoblin hits you.
* * * LOW HITPOINT WARNING * * *
Your bat completely misses the bat.
Your bat barely misses the bat.
The bat barely misses your bat.
Your bat barely misses the hobgoblin.
The bat hits your bat.
Your bat closely misses the bat.
Your bat barely misses the bat.
Your bat hits the bat but does no damage.
The bat hits your bat.
Your bat barely misses the bat.
Your bat misses the bat.
The bat hits your bat but does no damage.
Your bat hits the bat but does no damage.
The bat hits your bat.
Your bat hits the bat.
The bat dies!
The hobgoblin attacks as you move away! The hobgoblin closely misses you.
Your bat closely misses the hobgoblin.
Your bat hits the hobgoblin but does no damage.
The hobgoblin attacks as you move away! The hobgoblin closely misses you.
Your bat hits the hobgoblin but does no damage. x2
Your bat hits the hobgoblin.
Your bat hits the hobgoblin but does no damage. x2
The hobgoblin attacks as you move away! The hobgoblin hits you.
* * * LOW HITPOINT WARNING * * *
Your bat barely misses the hobgoblin.
The hobgoblin attacks as you move away! The hobgoblin barely misses you.
Your bat hits the hobgoblin but does no damage. x2
The hobgoblin attacks as you move away! The hobgoblin hits you.
You die...

#.# #.# #.# #.#
###.########.#
###..........bb#
##≈≈≈~≈≈≈≈≈≈##.##
##≈≈≈≈≈~≈≈≈≈≈≈#.g#
#≈≈≈≈≈≈~≈≈≈≈≈≈≈#@#
≈≈≈8≈≈~≈≈≈≈≈8≈≈≈.#
≈≈≈≈≈~≈≈≈≈≈≈≈≈≈≈.#
≈≈≈≈≈~≈≈≈...≈≈≈≈.#
≈≈≈≈≈~≈≈.≈≈≈.≈≈.##
≈≈≈≈≈≈~<.≈≈≈≈..≈#
≈..≈≈≈≈.>~≈≈≈≈≈≈#
.≈≈.≈≈≈.≈≈~≈≈≈≈≈#
≈≈≈≈...≈≈≈~≈≈≈≈≈#


You could see a hobgoblin (ally target) and a friendly bat (summoned).

Vanquished Creatures (collateral kills)
  A bat (D:1)
1 creature vanquished.

Notes
Turn   | Place    | Note
-------+----------+-------------------------------------------
     0 | D:1      | Hasleak the Deep Elf Summoner began the quest for the Orb.
     0 | D:1      | Reached XP level 1. HP: 10/10 MP: 6/6
    40 | D:1      | Slain by a hobgoblin

Illustrated notes

Levels and vault maps discovered:
D:1:      nzn_arrival_water_spiral, layout_basic,
          shapermc_ecumenical_altar_mp_urbaneastern, minmay_crystal_water,
          minmay_misc_feat_roman, st_stairs_5, minmay_misc_feat_rugged,
          minmay_misc_feat_hallway

Action                     || total
---------------------------++-------
   Cast: Summon Small Mamm ||     2
 Armour: Robe              ||     2
  Dodge: Dodged            ||     5
